 Dungeon Crawl Stone Soup version 0.28-a0-1447-ga5a8893891 (webtiles) character file.

Game seed: 5109513232347435149

3158 ytrimaz the Cleaver (level 10, -2/76 HPs)
             Began as a Formicid Fighter on Jan 10, 2022.
             Was an Initiate of Ru.
             Slain by a gnoll (5 damage)
             ... on level 7 of the Dungeon.
             The game lasted 00:09:32 (8585 turns).

ytrimaz the Cleaver (Formicid Fighter)              Turns: 8585, Time: 00:09:33

Health: -2/76      AC:  8    Str: 26    XL:     10   Next: 15%
Magic:  10/10      EV:  5    Int:  7    God:    Ru [......]
Gold:   405        SH:  0    Dex: 10    Spells: 9/9 levels left

rFire   . . .      SeeInvis +   r - +1 war axe (distort)
rCold   . . .      Faith    .   c - +0 buckler
rNeg    . . .      Spirit   .   b - +1 scale mail
rPois   +          Reflect  .   (helmet unavailable)
rElec   .          Harm     .   (no cloak)
rCorr   .          Rampage  .   (no gloves)
Will    +....                   (no boots)
Stlth   ..........              (no amulet)
HPRegen 0.22/turn               t - ring of poison resistance
MPRegen 0.12/turn               (no ring)

@: held
A: permanent stasis, dig shafts and tunnels, antennae 3, four strong arms
a: Dig, Shaft Self, Renounce Religion


You were on level 7 of the Dungeon.
You worshipped Ru.
Ru was noncommittal.
You visited 2 branches of the dungeon, and saw 8 of its levels.
You also visited: Ossuary.

You collected 515 gold pieces.
You spent 110 gold pieces at shops.

Inventory:

Hand Weapons
 r - a +1 war axe of distortion (weapon)
 v - a +0 executioner's axe
Missiles
 f - 2 boomerangs (quivered)
Armour
 b - a +1 scale mail (worn)
 c - a +0 buckler (worn)
 x - an orb of light
 A - an orb of wrath
Jewellery
 t - a ring of poison resistance (left hand)
Wands
 i - a wand of iceblast (5)
 k - a wand of polymorph (13)
Scrolls
 h - 3 scrolls of amnesia
 l - 2 scrolls of immolation
 m - 3 scrolls of vulnerability
 p - a scroll of enchant weapon
 q - a scroll of fog
 y - a scroll of enchant armour
Potions
 a - a potion of haste {unknown}
 d - a potion of might
 e - 4 potions of curing
 g - a potion of lignification
 j - 2 potions of heal wounds {unknown}
 n - a potion of flight {unknown}
 o - 4 potions of degeneration {unknown}
 s - 3 potions of mutation {unknown}
 u - a potion of brilliance {unknown}
 w - a potion of invisibility {unknown}
 z - a potion of resistance {unknown}


   Skills:
 + Level 5.6 Fighting
 * Level 9.9 Axes
 * Level 4.7 Throwing
 + Level 6.5 Armour
 * Level 6.7 Shields


You had 9 spell levels left.
You didn't know any spells.
Your spell library contained the following spells:

 Spells                   Type           Power      Damage    Failure   Level
 Ensorcelled Hibernation  Hex/Ice        0%         N/A       87%         2
 Spider Form              Tmut/Pois      0%         N/A       98%         3
 Tukima's Dance           Hex            0%         N/A       98%         3
 Anguish                  Hex/Necr       0%         N/A       100%        4
 Enfeeble                 Hex            0%         N/A       100%        7


Dungeon Overview and Level Annotations

Branches:
Dungeon (7/15)             Temple (1/1) D:5         Ossuary (visited)

Altars:
Ashenzari
Cheibriados
Dithmenos
Elyvilon
Fedhas
Gozag
Hepliaklqana
Kikubaaqudgha
Makhleb
Nemelex Xobeh
Okawaru
Ru
Sif Muna
Trog
Uskayaw
Vehumet
Wu Jian
Xom
Yredelemnul
Zin

Shops:
D:4 *


Innate Abilities, Weirdness & Mutations

You cannot be hasted, slowed, berserked, paralysed or teleported.
You can dig through walls and to a lower floor.
You have a pair of large antennae on your head. (SInv)
Your four strong arms can wield two-handed weapons with a shield.


Message History

Space warps around the lemure.
You kill the lemure!
That felt strangely unrewarding.
You hit the lemure.
Space warps around the lemure.
With Pikel's spell broken, his former minions thank you for their freedom.
The lemure departs this earthly plane. x2
You have reached level 10!
A gnoll comes into view. It is wielding a +0 spear.
The gnoll shouts!
The gnoll hits you with a +0 flail of protection!
A gnoll comes into view. It is wielding a +1 flail of venom.
A gnoll comes into view. It is wielding a +0 halberd.
Items here: ! ) [ †.
The gnoll shouts!
You hit the gnoll but do no damage.
Space warps around the gnoll.
The gnoll is heavily wounded.
A gnoll comes into view. It is wielding a +0 whip.
Unknown command.
The gnoll hits you with a +0 flail of protection.
You block the gnoll's attack.
The gnoll sergeant hits you with a +2 vorpal trident!
The gnoll throws a throwing net.
The throwing net hits you.
You become entangled in the net!
The gnoll hits you with a +0 spear.
The gnoll sergeant hits you from afar with a +2 vorpal trident.
You see here a throwing net.
Unknown command.
You struggle against the net.
The gnoll hits you with a +1 flail of venom.
The gnoll hits you but does no damage. The gnoll barely misses you.
The gnoll sergeant hits you from afar with a +2 vorpal trident!
* * * LOW HITPOINT WARNING * * *
x2 The gnoll barely misses you.
Unknown command.
You struggle against the net.
The gnoll hits you with a +0 flail of protection!
* * * LOW HITPOINT WARNING * * *
The gnoll hits you with a +1 flail of venom!
* * * LOW HITPOINT WARNING * * *
The gnoll hits you with a +0 spear.
You die...

#... #... ##..
#..#+######
#..........
#..........
####..gg......
#<.).g@g......
#......g.g.......
{
#.........###....
#.........# ...
########### .


You could see a gnoll sergeant and 5 gnolls.

Vanquished Creatures
  Pikel (D:7)
  A wyvern (D:5)
  Sigmund (D:3)
  The ghost of axecop the Insei, an amateur DsGl (D:4)
  Menkaure (D:5)
  Duvessa (D:5)
  A water moccasin (D:6)
  An ice beast (D:6)
  A sky beast (D:6)
  2 necrophages
  2 ogres (D:4)
  2 lemures (D:7)
  Blork the orc (D:5)
  A bullfrog (D:4)
  A gnoll sergeant (D:5)
  3 scorpions
  A water moccasin skeleton (D:4)
  Dowan (D:5)
  3 bullfrog zombies
  A bullfrog skeleton (D:5)
  Crazy Yiuf (D:5)
  2 hounds
  An orc priest (D:6)
  A centaur zombie (D:6)
  An iguana (D:4)
  3 orc wizards
  2 hound skeletons (D:4)
  8 mummies (Ossuary)
  12 gnolls
  A howler monkey skeleton (D:5)
  9 adders
  3 worms
  2 dart slugs
  8 orcs
  10 ball pythons
  8 endoplasms
  6 giant cockroaches
  5 goblins
  4 hobgoblins
  2 jackals (D:3)
  3 kobolds
  5 bats
  5 frilled lizards
  2 hobgoblin zombies (Ossuary)
  A jackal skeleton (D:3)
  2 kobold zombies (Ossuary)
  4 orc zombies (Ossuary)
  12 rats
150 creatures vanquished.

Vanquished Creatures (others)
  A fungus (D:5)
1 creature vanquished.

Grand Total: 151 creatures vanquished

Notes
Turn   | Place    | Note
-------+----------+-------------------------------------------
     0 | D:1      | ytrimaz the Formicid Fighter began the quest for the Orb.
     0 | D:1      | Reached XP level 1. HP: 18/18 MP: 1/1
   205 | D:1      | Reached XP level 2. HP: 22/24 MP: 2/2
   739 | D:1      | Reached XP level 3. HP: 20/29 MP: 3/3
  1773 | D:2      | Reached XP level 4. HP: 23/36 MP: 4/4
  2026 | D:2      | Reached skill level 1 in Throwing
  2327 | D:2      | Reached skill level 3 in Axes
  2675 | D:3      | Reached XP level 5. HP: 28/42 MP: 5/5
  2981 | D:3      | Noticed Sigmund
  2993 | D:3      | Killed Sigmund
  2994 | D:3      | Reached skill level 4 in Axes
  2994 | D:3      | Reached XP level 6. HP: 34/48 MP: 6/6
  3355 | D:3      | You fall into a shaft and drop 3 floors!
  3355 | D:6      | Noticed an ice beast
  3366 | D:6      | Killed an ice beast
  3367 | D:6      | Reached skill level 5 in Axes
  3367 | D:6      | Reached XP level 7. HP: 11/54 MP: 7/7
  3371 | D:6      | HP: 2/54 [bullfrog zombie (5)]
  3689 | D:6      | Found a sand-covered staircase.
  3708 | Ossuary  | Entered an ossuary
  4862 | Ossuary  | Identified a scroll of acquirement
  4863 | Ossuary  | Acquired a +1 war axe of distortion
  4916 | D:6      | Reached skill level 6 in Axes
  4916 | D:6      | Reached skill level 5 in Shields
  4944 | D:6      | Reached XP level 8. HP: 59/60 MP: 8/8
  5081 | D:6      | Reached skill level 7 in Axes
  5081 | D:6      | Reached skill level 5 in Armour
  5417 | D:5      | Entered Level 5 of the Dungeon
  5690 | D:5      | Reached XP level 9. HP: 66/66 MP: 9/9
  5726 | D:4      | Found an ornate altar of the Wu Jian Council.
  5735 | D:4      | Found a broken altar of Ashenzari.
  5794 | D:4      | Reached skill level 8 in Axes
  5830 | D:4      | Found a runed translucent door.
  5835 | D:4      | Found Gurchoul's Mayhem Merchandise.
  5841 | D:4      | Bought a +0 executioner's axe for 110 gold pieces
  5951 | D:4      | Noticed axecop's ghost (amateur DsGl)
  6013 | D:4      | Reached skill level 5 in Fighting
  6894 | D:4      | Killed axecop's ghost
  7259 | D:5      | Found a basalt altar of Yredelemnul.
  7259 | D:5      | Found a radiant altar of Vehumet.
  7261 | D:5      | Found a glowing silver altar of Zin.
  7284 | D:5      | Reached skill level 9 in Axes
  7417 | D:5      | Found a staircase to the Ecumenical Temple.
  7439 | Temple   | Entered the Ecumenical Temple
  7685 | Temple   | Became a worshipper of Ru the Awakened
  7728 | D:5      | Noticed Menkaure
  7741 | D:5      | Killed Menkaure
  7926 | D:5      | Noticed Blork the orc
  7933 | D:5      | Noticed Dowan
  7935 | D:5      | Killed Blork the orc
  7949 | D:5      | Noticed Duvessa
  7956 | D:5      | Killed Duvessa
  7973 | D:5      | Killed Dowan
  8232 | D:5      | Found a hazy altar of Hepliaklqana.
  8232 | D:5      | Found a bloodstained altar of Trog.
  8417 | D:5      | Found a runed translucent door.
  8418 | D:5      | Noticed Crazy Yiuf
  8490 | D:5      | Killed Crazy Yiuf
  8571 | D:7      | Noticed Pikel
  8578 | D:7      | Killed Pikel
  8579 | D:7      | Reached XP level 10. HP: 73/76 MP: 10/10
  8585 | D:7      | HP: 3/76 [gnoll (11)]
  8585 | D:7      | Slain by a gnoll

Illustrated notes

Levels and vault maps discovered:
D:1:      onia_arrival_handbag, layout_basic, hex_medium, nrook_mini_vaults,
          chequers_hall_statues_wall_a
D:2:      layout_basic
D:3:      layout_rooms, kennysheep_pointless_box, wad_rectangle_vault,
          uniq_sigmund
D:4:      layout_basic, amethyst_overflow_temple_binary, gammafunk_ghost_grave,
          minmay_shop_mayhem
D:5:      layout_basic, chequers_temple_overflow_statue_of_worship,
          gammafunk_temple_overflow_wave, minmay_temple_entry_wispy,
          uniq_blork_the_orc, uniq_duvessa, uniq_menkaure,
          uniq_crazy_yiuf_cottage
D:6:      layout_rooms, enter_ossuary_1, nicolae_fountain_basement
D:7:      layout_basic, minmay_door_square, uniq_pikel
Temple:   oiseaux_autumnal_temple

Skill      XL: |  1  2  3  4  5  6  7  8  9 |
---------------+----------------------------+-----
Shields        | 4 5 6 |  6.7
Throwing       | 1 2 3 4 |  4.7
Axes           | 3 4 5 6 7 9 |  9.9
Armour         | 4 5 6 |  6.5
Fighting       | 4 5 |  5.6

Action                   |  1- 3 |  4- 6 |  7- 9 | 10-12 || total
-------------------------+-------+-------+-------+-------++-------
Melee: War axe           |    91 |   113 |   225 |     1 ||   430
 Abil: Dig               |     1 |     2 |       |       ||     3
  Use: Scroll            |       |     4 |    10 |       ||    14
       Potion            |       |     1 |       |       ||     1
Armor: Scale mail        |    40 |    90 |    87 |     1 ||   218
Dodge: Dodged            |    40 |    78 |    88 |     2 ||   208
Block: Buckler           |    23 |    36 |    54 |     1 ||   114

Table legend: (Time is in decaauts)
 A = Elapsed time spent in this place.
 B = Non-inter-level travel time spent in this place.
 C = Inter-level travel time spent in this place.
 D = Time resting spent in this place.
 E = Time spent auto-exploring this place.
 F = Levels seen in this place.
 G = Mean time per level.
                   A        B        C        D        E       F      G
               +--------+--------+--------+--------+--------+-----+--------+
         Total |   8704 |   8538 |    166 |   1423 |   5567 |   9 |  967.1 |
       Dungeon |   7226 |   7111 |    115 |    496 |   5345 |   7 | 1032.3 |
        Temple |    286 |    235 |     51 |      0 |    221 |   1 |  286.0 |
       Ossuary |   1192 |   1192 |      0 |    927 |      1 |   1 | 1192.0 |
               +--------+--------+--------+--------+--------+-----+--------+

Top non-repeatable levels by time:
     D:5: 1664 daAuts
     D:1: 1288 daAuts
 Ossuary: 1192 daAuts
     D:3: 1161 daAuts
     D:4: 1091 daAuts
     D:2: 1090 daAuts
     D:6: 915 daAuts
  Temple: 286 daAuts
     D:7: 14 daAuts
